 Dungeon Crawl Stone Soup version 0.30-a0-1053-gbd8d5ba0ad (webtiles) character file.

Game seed: 15339561982358452696

172 IdlyInterested the Cutter (level 5, 0/39 HPs)
             Began as a Demonspawn Gladiator on Apr 11, 2023.
             Slain by a gnoll
             ... wielding a +0 halberd
              (10 damage)
             ... on level 3 of the Dungeon.
             The game lasted 00:08:00 (2589 turns).

IdlyInterested the Cutter (Demonspawn Gladiator)    Turns: 2589, Time: 00:08:01

Health: 0/39       AC:  6    Str: 15    XL:     5   Next: 27%
Magic:  5/5        EV: 12    Int:  9    God:
Gold:   72         SH:  0    Dex: 16    Spells: 4/4 levels left

rFire   . . .      SeeInvis .    a - +0 rapier
rCold   + . .      Faith    .    (no shield)
rNeg    + . .      Spirit   .    v - +1 leather armour {rC+}
rPois   .          Reflect  .    c - +0 helmet
rElec   .          Rampage  .    (no cloak)
rCorr   .                        (no gloves)
Will    +....                    (no boots)
Stlth   ++                       (no amulet)
HPRegen 0.26/turn                n - ring of positive energy
MPRegen 0.09/turn                o - ring of willpower

@: hasted, very quick
A: hooves 1, demonic guardian 1, sharp scales 1
a: no special abilities


You were on level 3 of the Dungeon.
You visited 1 branch of the dungeon, and saw 3 of its levels.

You collected 72 gold pieces.

Inventory:

Hand Weapons
 a - a +0 rapier (weapon)
 l - a +1 dagger of venom
 s - a +0 rapier
 t - a +0 scimitar
 u - a +0 short sword of flaming
Missiles
 d - 3 throwing nets
 e - a javelin
 f - 39 stones (quivered)
 h - 6 curare-tipped darts
Armour
 c - a +0 helmet (worn)
 v - a +1 leather armour of cold resistance (worn)
Jewellery
 m - an amulet of faith
 n - a ring of positive energy (left hand)
 o - a ring of willpower (right hand)
 p - a ring of fire
 q - a ring of wizardry
Scrolls
 b - a scroll of torment {unknown}
 w - a scroll of teleportation {unknown}
Potions
 g - a potion of mutation {unknown}
 i - a potion of resistance {unknown}
 j - a potion of brilliance {unknown}
 k - a potion of degeneration {unknown}
 r - a potion of haste


   Skills:
 * Level 2.5 Fighting
 + Level 3.4 Short Blades
 - Level 2.0 Throwing
 - Level 1.0 Armour
 - Level 3.0 Dodging
 + Level 3.2 Stealth
 - Level 1.0 Evocations


You had 4 spell levels left.
You didn't know any spells.
Your spell library contained the following spells:

 Spells                   Type           Power      Damage    Failure   Level
 Shock                    Conj/Air       0%         1d3       45%         1
 Swiftness                Air            0%         N/A       83%         3
 Airstrike                Air            0%         2d(0-16)  99%         4


Dungeon Overview and Level Annotations

Branches:
Dungeon (3/15)

Altars:


Innate Abilities, Weirdness & Mutations

You have large cloven feet.
A weak demonic guardian rushes to your aid.
You are partially covered in razor-sharp scales. (AC +1, Slay +1)


Message History

A gnoll comes into view. It is wielding a +0 flail.
The gnoll moves out of view.
A gnoll comes into view. It is wielding a +0 halberd.
The gnoll shouts! x2
You barely miss the gnoll. You kick the gnoll.
The gnoll is heavily wounded.
The gnoll closely misses you.
You barely miss the gnoll. Your kick misses the gnoll.
The gnoll is heavily wounded.
The gnoll hits you but does no damage.
You barely miss the gnoll. You kick the gnoll.
The gnoll is severely wounded.
The gnoll hits you from afar with a +0 halberd!
The gnoll hits you but does no damage.
You barely miss the gnoll. You kick the gnoll.
You kill the gnoll!
The gnoll closely misses you. The gnoll barely misses you.
You feel yourself speed up.
The gnoll hits you from afar with a +0 halberd.
The gnoll barely misses you. The gnoll hits you but does no damage.
You puncture the gnoll! You kick the gnoll, but do no damage.
The gnoll is severely wounded.
You closely miss the gnoll. Your kick misses the gnoll.
The gnoll is severely wounded.
The gnoll hits you from afar with a +0 halberd.
The gnoll barely misses you.
You closely miss the gnoll.
The gnoll is severely wounded.
The gnoll misses you. The gnoll hits you with a +0 flail.
The gnoll barely misses you.
You hit the gnoll.
You kill the gnoll!
You completely miss the gnoll. You kick the gnoll.
The gnoll is lightly wounded.
The gnoll closely misses you. The gnoll hits you with a +0 club!
* * * LOW HITPOINT WARNING * * *
You hit the gnoll. You kick the gnoll.
The gnoll is heavily wounded.
The gnoll hits you from afar with a +0 halberd!
You die...

#######.....# ##
#...##......# .#
#.#......#..# .#
#.#......#..# .#
#.##....##..#
.#######.##....##..#
..........##..##...#
########..##..##...#
#...####.@).#
#########..## #g.###
............##..g#
##########..##.... #
### ##..####..#
###.####...# #...
##.#......## ##..
###.####..# #.. #
#.# ..##


You could see 2 gnolls.

Vanquished Creatures
  Terence (D:2)
  5 adders (D:2)
  2 gnolls (D:3)
  2 worms (D:3)
  A dart slug (D:1)
  9 ball pythons
  11 bats
  9 endoplasms
  4 giant cockroaches
  6 goblins
  4 hobgoblins
  3 jackals (D:2)
  5 frilled lizards
  7 kobolds
  6 rats
75 creatures vanquished.

Vanquished Creatures (collateral kills)
  2 jackals (D:2)
2 creatures vanquished.

Grand Total: 77 creatures vanquished

Notes
Turn   | Place    | Note
-------+----------+-------------------------------------------
     0 | D:1      | IdlyInterested the Demonspawn Gladiator began the quest for
                  | the Orb.
     0 | D:1      | Reached XP level 1. HP: 16/16 MP: 1/1
   250 | D:1      | Gained mutation: A weak demonic guardian rushes to your
                  | aid. [demonic ancestry]
   250 | D:1      | Reached XP level 2. HP: 22/22 MP: 2/2
   310 | D:1      | Reached skill level 1 in Armour
   342 | D:1      | Reached skill level 1 in Evocations
   629 | D:1      | Reached skill level 1 in Stealth
   795 | D:1      | Gained mutation: You have large cloven feet. [demonic
                  | ancestry]
   795 | D:1      | Reached XP level 3. HP: 27/27 MP: 3/3
  1306 | D:2      | Gained mutation: You are partially covered in razor-sharp
                  | scales. (AC +1, Slay +1) [demonic ancestry]
  1306 | D:2      | Reached XP level 4. HP: 30/33 MP: 4/4
  1633 | D:2      | Noticed Terence
  1636 | D:2      | Killed Terence
  2022 | D:3      | Reached XP level 5. HP: 35/38 MP: 5/5
  2589 | D:3      | Slain by a gnoll

Illustrated notes

Levels and vault maps discovered:
D:1:      evilmike_arrival_rings, layout_basic
D:2:      layout_loops_ring, uniq_terence
D:3:      layout_loops_ring, hangedman_decor_lopped, minmay_misc_feat_x,
          amcnicky_mini_corridor_feature

Skill      XL: |  1  2  3  4 |
---------------+-------------+-----
Dodging        | 3 |  3.0
Throwing       | 2 |  2.0
Armour         | 1 |  1.0
Evocations     | 1 |  1.0
Stealth        | 1 2 3 |  3.2
Short Blades   | 3 |  3.4
Fighting       | |  2.5

Action                     |  1- 3 |  4- 6 || total
---------------------------+-------+-------++-------
  Melee: Rapier            |   144 |    72 ||   216
         Punch             |     1 |       ||     1
         Kick              |    10 |    17 ||    27
  Throw: Stone             |     1 |       ||     1
         Dart              |       |     1 ||     1
    Use: Potion            |       |     2 ||     2
   Stab: Sleeping          |       |     3 ||     3
 Armour: Scale mail        |    27 |       ||    27
         Chain mail        |    87 |    18 ||   105
         Leather armour    |       |    13 ||    13
  Dodge: Dodged            |    77 |    34 ||   111

Table legend: (Time is in decaauts)
 A = Elapsed time spent in this place.
 B = Non-inter-level travel time spent in this place.
 C = Inter-level travel time spent in this place.
 D = Time resting spent in this place.
 E = Time spent auto-exploring this place.
 F = Levels seen in this place.
 G = Mean time per level.
                   A        B        C        D        E       F      G
               +--------+--------+--------+--------+--------+-----+--------+
         Total |   2581 |   2238 |    343 |     51 |   1461 |   3 |  860.3 |
       Dungeon |   2581 |   2238 |    343 |     51 |   1461 |   3 |  860.3 |
               +--------+--------+--------+--------+--------+-----+--------+

Top non-repeatable levels by time:
     D:1: 1147 daAuts
     D:2: 880 daAuts
     D:3: 553 daAuts
